 Dungeon Crawl Stone Soup version 0.31-a0-1603-gbec6b6ccbf (webtiles) character file.

Game seed: 17288610606066382774

85 Laraso the Magician (level 4, -1/39 HPs)
             Began as an Oni Fire Elementalist on Jan 7, 2024.
             Slain by a cerulean imp
             ... wielding a +0 spear
             ... summoned by Natasha
              (3 damage)
             ... on level 2 of the Dungeon.
             The game lasted 00:04:53 (1952 turns).

Laraso the Magician (Oni Fire Elementalist)         Turns: 1952, Time: 00:04:53

Health: -1/39      AC:  4    Str: 18    XL:     4   Next: 48%
Magic:  6/10       EV:  9    Int: 18    God:
Gold:   128        SH:  0    Dex:  9    Spells: 1/11 levels left

rFire   . . .        a - +1 spear (venom)
rCold   . . .        (no shield)
rNeg    . . .        i - +1 robe
rPois   .            (helmet restricted)
rElec   .            (no cloak)
rCorr   .            (gloves unavailable)
SInv    .            (boots unavailable)
Will    .....        (no amulet)
Stlth   +            d - +6 ring of strength
HPRegen 0.26/turn    (no ring)
MPRegen 0.12/turn

%: no passive effects
@: no status effects
A: large, unfitting armour, horns 1, tough skin 1, double potion healing,
drunken brawling
a: no special abilities


You were on level 2 of the Dungeon.
You visited 1 branch of the dungeon, and saw 2 of its levels.

You collected 128 gold pieces.

Inventory:

Hand Weapons
 a - a +1 spear of venom (weapon)
Armour
 i - a +1 robe (worn)
Jewellery
 d - a +6 ring of strength (left hand)
Scrolls
 e - a scroll of identify
 f - 2 scrolls of fog
 h - a scroll of enchant weapon
Potions
 b - a potion of magic
 c - 2 potions of mutation


   Skills:
 - Level 1.7 Dodging
 - Level 1.4 Stealth
 * Level 4.3 Spellcasting
 - Level 2.0 Conjurations
 - Level 3.0 Fire Magic


You had one spell level left.
You knew the following spells:

 Your Spells              Type           Power      Damage    Failure   Level
a - Foxfire               Conj/Fire      48%        2x1d6     4%          1
b - Scorch                Fire           28%        2d6       6%          2
c - Volatile Blastmotes   Fire/Tloc      18%        2d11      22%         3
d - Flame Wave            Conj/Fire      12%        2d6       45%         4

Your spell library contained the following spells:

 Spells                   Type           Power      Damage    Failure   Level
 Call Imp                 Summ           6%         N/A       22%         2
 Cigotuvi's Dreadful Rot  Necr/Alch/Air  6%         N/A       22%         2
 Sublimation of Blood     Necr           3%         N/A       22%         2
 Inner Flame              Hex/Fire       9%         N/A       22%         3
 Animate Dead             Necr           3%         N/A       80%         4
 Dispel Undead            Necr           3%         3d7       80%         4
 Death Channel            Necr           1%         N/A       100%        6
 Summon Hydra             Summ           1%         N/A       100%        7


Dungeon Overview and Level Annotations

Branches:
Dungeon (2/15)

Altars:

Annotations:
D:2 Natasha


Innate Abilities, Weirdness & Mutations

You are too large for most types of armour.
You have a pair of small horns on your head.
You have tough skin. (AC +1)
You gain doubled healing and magic from potions.
Whenever you drink a healing potion, you attack all around you.


Message History

The cerulean imp's fire resistance burns away.
The cerulean imp barely misses you. Natasha barely misses you.
The cerulean imp barely misses you.
Casting: Scorch (safe; 6% risk of failure)
Confirm with . or Enter, or press ? or * to list all spells.
You conjure some foxfire!
The cerulean imp hits you from afar with a +0 spear.
Natasha completely misses you.
The cerulean imp hits you from afar with a +1 spear.
The cerulean imp hits you from afar with a +0 spear.
You closely miss Natasha.
Natasha is moderately wounded.
The foxfire hits the cerulean imp.
The cerulean imp is heavily wounded.
The foxfire hits Natasha.
Natasha is severely wounded.
Natasha claws you.
The cerulean imp hits you from afar with a +0 spear.
* * * LOW HITPOINT WARNING * * *
The cerulean imp hits you from afar with a +1 spear.
* * * LOW HITPOINT WARNING * * *
The cerulean imp hits you but does no damage.
Unknown command.
You barely miss Natasha. Your headbutt misses Natasha.
Natasha is severely wounded.
The cerulean imp is no longer more vulnerable to fire.
The cerulean imp barely misses you. Natasha claws you but does no damage.
The cerulean imp hits you from afar with a +1 spear.
* * * LOW HITPOINT WARNING * * *
The cerulean imp barely misses you.
Unknown command.
Okay, then.
As you read the scroll labelled NADAICK USUQ, it crumbles to dust.
It is a scroll of identify.
c - 2 potions of mutation The cerulean imp misses you.
Natasha barely misses you.
The cerulean imp hits you from afar with a +1 spear.
* * * LOW HITPOINT WARNING * * *
The cerulean imp hits you from afar with a +0 spear.
You die...

# ........#...........#........
#. .......#...........#......[#
#... ......# #.........#.......#
##...##.....###.........#.......#
............#...........#.......#
............#....................
............#...(................
...........##.5......##..........
..............5h@................
..............5..................
.................................
.............)...###.............
###########......# #....#######..
######## #....# #.. #....# ###
....# ###


You could see Natasha and 3 cerulean imps.

Vanquished Creatures
  Robin (D:2)
  2 adders (D:2)
  3 dart slugs (D:1)
  4 ball pythons
  7 bats
  3 endoplasms
  9 goblins (D:2)
  5 hobgoblins
  2 jackals (D:2)
  2 kobolds (D:2)
  A quokka (D:1)
  4 frilled lizards
  3 rats
46 creatures vanquished.

Vanquished Creatures (others)
  50 foxfires
50 creatures vanquished.

Grand Total: 96 creatures vanquished

Notes
Turn   | Place    | Note
-------+----------+-------------------------------------------
     0 | D:1      | Laraso the Oni Fire Elementalist began the quest for the
                  | Orb.
     0 | D:1      | Reached XP level 1. HP: 16/16 MP: 3/3
   282 | D:1      | Reached skill level 3 in Spellcasting
   298 | D:1      | Reached XP level 2. HP: 21/24 MP: 0/6
   389 | D:1      | Learned a level 2 spell: Scorch
   590 | D:1      | Reached XP level 3. HP: 27/31 MP: 1/8
   793 | D:1      | Reached skill level 4 in Spellcasting
   997 | D:2      | Reached skill level 1 in Conjurations
  1121 | D:2      | Got the Octavo of Sizzling Diablerie
  1272 | D:2      | Noticed Robin
  1397 | D:2      | Reached XP level 4. HP: 38/39 MP: 7/10
  1474 | D:2      | Killed Robin
  1532 | D:2      | Learned a level 3 spell: Volatile Blastmotes
  1537 | D:2      | Learned a level 4 spell: Flame Wave
  1933 | D:2      | Noticed Natasha
  1952 | D:2      | Slain by a cerulean imp

Illustrated notes

Levels and vault maps discovered:
D:1:      amcnicky_arrival_abandoned_market, layout_rooms
D:2:      layout_basic, uniq_robin, uniq_natasha

Skill      XL: |  1  2  3  4 |
---------------+-------------+-----
Spellcasting   | 3 4 |  4.3
Fire Magic     | 3 |  3.0
Conjurations   | 1 2 |  2.0
Dodging        | |  1.7
Stealth        | |  1.4

Action                     |  1- 3 |  4- 6 || total
---------------------------+-------+-------++-------
  Melee: Dagger            |    14 |       ||    14
         Headbutt          |     2 |       ||     2
         Spear             |       |    17 ||    17
   Cast: Foxfire           |    28 |     4 ||    32
         Scorch            |    22 |     7 ||    29
    Use: Scroll            |       |     5 ||     5
 Armour: Robe              |    26 |    28 ||    54
  Dodge: Dodged            |    24 |    16 ||    40

Table legend: (Time is in decaauts)
 A = Elapsed time spent in this place.
 B = Non-inter-level travel time spent in this place.
 C = Inter-level travel time spent in this place.
 D = Time resting spent in this place.
 E = Time spent auto-exploring this place.
 F = Levels seen in this place.
 G = Mean time per level.
                   A        B        C        D        E       F      G
               +--------+--------+--------+--------+--------+-----+--------+
         Total |   1954 |   1901 |     53 |    472 |   1022 |   2 |  977.0 |
       Dungeon |   1954 |   1901 |     53 |    472 |   1022 |   2 |  977.0 |
               +--------+--------+--------+--------+--------+-----+--------+

Top non-repeatable levels by time:
     D:1: 1107 daAuts
     D:2: 847 daAuts
